 Dungeon Crawl Stone Soup version 0.32-a0-35-gd9ff480968 (webtiles) character file.

Game seed: 13182427481817061534

14 Atlas the Firebug (level 2, 0/19 HPs)
             Began as a Demonspawn Fire Elementalist on Jan 22, 2024.
             Slain by a hobgoblin (4 damage)
             ... on level 1 of the Dungeon.
             The game lasted 00:00:25 (248 turns).

Atlas the Firebug (Demonspawn Fire Elementalist)     Turns: 248, Time: 00:00:26

Health: 0/19       AC:  2    Str:  8    XL:     2   Next: 31%
Magic:  5/5        EV: 12    Int: 15    God:
Gold:   8          SH:  0    Dex: 13    Spells: 4/5 levels left

rFire   . . .        (no weapon)
rCold   . . .        (no shield)
rNeg    . . .        a - +0 robe
rPois   .            (helmet restricted)
rElec   .            (no cloak)
rCorr   .            (no gloves)
SInv    .            (no boots)
Will    .....        (no amulet)
Stlth   ++           (no ring)
HPRegen 0.23/turn    (no ring)
MPRegen 0.09/turn

%: no passive effects
@: no status effects
A: horns 1
a: no special abilities


You were on level 1 of the Dungeon.
You visited 1 branch of the dungeon, and saw 2 of its levels.

You collected 8 gold pieces.

Inventory:

Armour
 a - a +0 robe (worn)
Potions
 b - a potion of magic


   Skills:
 + Level 1.8 Dodging
 + Level 1.8 Stealth
 + Level 2.1 Spellcasting
 + Level 1.0 Conjurations
 + Level 3.2 Fire Magic


You had 4 spell levels left.
You knew the following spells:

 Your Spells              Type           Power      Damage    Failure   Level
a - Foxfire               Conj/Fire      32%        2x1d5     9%          1

Your spell library contained the following spells:

 Spells                   Type           Power      Damage    Failure   Level
 Scorch                   Fire           22%        2d5       9%          2
 Inner Flame              Hex/Fire       6%         N/A       34%         3
 Volatile Blastmotes      Fire/Tloc      12%        2d11      34%         3
 Flame Wave               Conj/Fire      8%         2d5       65%         4


Dungeon Overview and Level Annotations

Branches:
Dungeon (2/15)

Altars:


Innate Abilities, Weirdness & Mutations

You have a pair of small horns on your head.


Message History

You kill the adder!
You have reached level 2!
Your demonic ancestry asserts itself...
A pair of horns grows on your head!
Found 8 gold pieces.
You feel sick.
Your foxfire dissipates!
You feel sick.
You feel sick.
You feel sick.
You are no longer poisoned.
You start resting.
HP restored.
There is a stone staircase leading up here.
There are no items here.
You climb upwards.
Found a whip.
There is a stone staircase leading down here.
You see here a +0 whip.
The hobgoblin shouts!
The hobgoblin closely misses you. The hobgoblin closely misses you.
The hobgoblin closely misses you. The hobgoblin closely misses you.
The hobgoblin misses you. The hobgoblin barely misses you.
The hobgoblin hits you. The hobgoblin misses you. The hobgoblin hits you.
The hobgoblin closely misses you. The hobgoblin hits you.
The hobgoblin hits you. The hobgoblin hits you. The hobgoblin misses you.
The hobgoblin hits you. The hobgoblin barely misses you.
The hobgoblin hits you. The hobgoblin hits you.
* * * LOW HITPOINT WARNING * * *
The hobgoblin hits you.
You die...

##. #..## ##...##
##.# #.# ####
##.# #.. ...#
#.#####[.#
.#######.#...#..#
.......>...#..@.#
########.#..)#g##
#.#####.# #.. ..#
#### ###


You could see a hobgoblin.

Vanquished Creatures
  An adder (D:2)
  An endoplasm (D:1)
  2 goblins (D:1)
  A kobold (D:2)
5 creatures vanquished.

Vanquished Creatures (others)
  16 foxfires
16 creatures vanquished.

Grand Total: 21 creatures vanquished

Notes
Turn   | Place    | Note
-------+----------+-------------------------------------------
     0 | D:1      | Atlas the Demonspawn Fire Elementalist began the quest for
                  | the Orb.
     0 | D:1      | Reached XP level 1. HP: 13/13 MP: 3/3
    75 | D:1      | Reached skill level 3 in Fire Magic
   111 | D:1      | You fall into a shaft and drop 1 floor!
   174 | D:2      | Gained mutation: You have a pair of small horns on your
                  | head. [demonic ancestry]
   174 | D:2      | Reached XP level 2. HP: 13/19 MP: 0/5
   248 | D:1      | Slain by a hobgoblin

Illustrated notes

Levels and vault maps discovered:
D:1:      saegor_arrival_simple_c, layout_loops_cross
D:2:      layout_basic

Skill      XL: |  1 |
---------------+----+-----
Fire Magic     | 3 |  3.2
Dodging        | |  1.8
Stealth        | |  1.8
Spellcasting   | |  2.1
Conjurations   | |  1.0

Action                     || total
---------------------------++-------
  Melee: Unarmed           ||     2
   Cast: Foxfire           ||    11
 Armour: Robe              ||    12
  Dodge: Dodged            ||    12

Table legend: (Time is in decaauts)
 A = Elapsed time spent in this place.
 B = Non-inter-level travel time spent in this place.
 C = Inter-level travel time spent in this place.
 D = Time resting spent in this place.
 E = Time spent auto-exploring this place.
 F = Levels seen in this place.
 G = Mean time per level.
                   A        B        C        D        E       F      G
               +--------+--------+--------+--------+--------+-----+--------+
         Total |    247 |    247 |      0 |     38 |    142 |   2 |  123.5 |
       Dungeon |    247 |    247 |      0 |     38 |    142 |   2 |  123.5 |
               +--------+--------+--------+--------+--------+-----+--------+

Top non-repeatable levels by time:
     D:1: 137 daAuts
     D:2: 109 daAuts
